 Dungeon Crawl Stone Soup version 0.21.1-1-g345015f (webtiles) character file.

150 Dfrag the Conjurer (level 5, 0/42 HPs)
             Began as a Naga Conjurer on Feb 11, 2018.
             Killed from afar by an orc wizard (11 damage)
             ... with a puff of flame
             ... on level 3 of the Dungeon.
             The game lasted 00:03:04 (1925 turns).

Dfrag the Conjurer (Naga Conjurer)                  Turns: 1925, Time: 00:03:05

Health: 0/42       AC:  3    Str: 12    XL:     5   Next: 32%
Magic:  0/10       EV: 10    Int: 17    God:
Gold:   132        SH:  0    Dex: 11    Spells: 8/11 levels left

rFire    . . .     SeeInvis +   (no weapon)
rCold    . . .     Gourm    +   (no shield)
rNeg     . . .     Faith    .   a - +0 robe
rPois    +         Spirit   .   (no helmet)
rElec    .         Reflect  .   (no cloak)
rCorr    .         Harm     .   g - +0 pair of gloves
MR       .....                  (no barding)
Stlth    ++........             d - amulet of the gourmand
HPRegen  0.14/turn              m - ring of see invisible
MPRegen  0.12/turn              n - +2 ring of strength

@: very slow
A: large, see invisible, deformed body, poison resistance, slowness 2, slow
metabolism 1, spit poison 1, AC +1
a: Spit Poison


You were on level 3 of the Dungeon.
You were not hungry.

You visited 1 branch of the dungeon, and saw 3 of its levels.

You collected 132 gold pieces.

Inventory:

Armour
 a - a +0 robe (worn)
 g - a +0 pair of gloves (worn)
Jewellery
 d - an amulet of the gourmand (around neck)
 m - a ring of see invisible (left hand)
 n - a +2 ring of strength (right hand)
Scrolls
 e - 3 scrolls of remove curse {unknown}
 f - 4 scrolls of identify {unknown}
 o - a scroll of enchant armour {unknown}
Potions
 h - 2 potions of curing {unknown}
 i - a potion of mutation {unknown}
 j - a potion of flight {unknown}
 k - a potion of berserk rage {unknown}
 l - a potion of agility {unknown}
Books
 b - a book of Conjurations

   Spells                             Type                      Level
   a - Magic Dart                     Conjuration                  1
   b - Searing Ray                    Conjuration                  2
   c - Dazzling Spray                 Conjuration/Hexes            3
   d - Fulminant Prism                Conjuration/Hexes            4
   e - Force Lance                    Conjuration/Translocation    4
   f - Iskenderun's Mystic Blast      Conjuration                  4
Comestibles
 c - 3 rations


   Skills:
 - Level 1.5 Dodging
 - Level 3.0 Stealth
 + Level 3.7 Spellcasting
 + Level 5.3 Conjurations


You had 8 spell levels left.
You knew the following spells:

 Your Spells              Type           Power        Failure   Level  Hunger
a - Magic Dart            Conj           ###.         1%          1    None
b - Searing Ray           Conj           ###...       2%          2    ##.....


Dungeon Overview and Level Annotations

Branches:
Dungeon (3/15)

Altars:


Innate Abilities, Weirdness & Mutations

You cannot wear boots.
Your serpentine skin is tough. (AC +1)
You have supernaturally acute eyesight. (SInv)
Armour fits poorly on your strangely shaped body.
Your system is resistant to poisons. (rPois)
You cover ground very slowly.
You have a slow metabolism.
You can spit poison.


Message History

The searing ray hits the orc wizard.
You kill the orc wizard!
You finish channeling your searing ray.
Casting: Searing Ray
Confirm with . or Enter, or press ? or * to list all spells.
Aiming: Searing Ray
Press: ? - help, Shift-Dir - straight line, f - orc wizard
Aim: an orc wizard, wielding a dagger and wearing a robe The searing ray hits the orc wizard.
The orc wizard is lightly wounded. (Press . to maintain the ray.)
The searing ray hits the orc wizard.
The orc wizard is lightly wounded.
An orc comes into view. It is wielding a dagger of venom.
The searing ray misses the orc wizard.
The orc shouts!
Without enough magic to sustain it, your searing ray dissipates.
The orc wizard gestures at you while chanting.
The puff of flame hits you!
You die...

#...............# ...
...###.####.##### ...
#.# #.# #.# #.##.#..#
#.# #.# #.#
.##.##.#..#.##.####.#
#.#
.#..##.#..#..o......#
#.# ######
...##.#..####.######
##.###.....
#..##.#..####.o...#
#..........
#..##.#........@#.#
#..###.####
.#..##†#...#####.#.#
#..# #.# ...[.(.....#
###†#.# #..# #.#
...........# #.....#
#..# #.#
##..######.###.....#
#..# #.###
#..#####.#........#
#..# #...#
#.......###.#.....#
#..# ###.#
##.#####.#.##.....#
#..# #.# ..#
##.#####.######..#
#.#


You could see an orc wizard and an orc.

Vanquished Creatures
  An orc wizard (D:3)
  A gnoll (D:1)
  5 adders
  An ooze (D:3)
  A dart slug (D:1)
  A leopard gecko (D:3)
  7 orcs (D:3)
  3 giant cockroaches
  8 goblins
  5 hobgoblins
  3 jackals (D:1)
  2 quokkas
  6 bats
  6 kobolds (D:1)
  7 rats
57 creatures vanquished.

Notes
Turn   | Place    | Note
-------+----------+-------------------------------------------
     0 | D:1      | Dfrag the Naga Conjurer began the quest for the Orb.
     0 | D:1      | Reached XP level 1. HP: 15/15 MP: 3/3
   102 | D:1      | Reached XP level 2. HP: 9/22 MP: 0/5
   197 | D:1      | Reached XP level 3. HP: 12/28 MP: 0/6
  1153 | D:2      | Reached XP level 4. HP: 36/36 MP: 4/8
  1580 | D:3      | Reached skill level 5 in Conjurations
  1584 | D:3      | Learned a level 2 spell: Searing Ray
  1831 | D:3      | Reached XP level 5. HP: 12/42 MP: 0/10
  1925 | D:3      | Killed from afar by an orc wizard

Skill      XL: |  1  2  3  4 |
---------------+-------------+-----
Spellcasting   | 3 |  3.7
Conjurations   | 5 |  5.3
Dodging        | |  1.5
Stealth        | |  3.0

Action                   |  1- 3 |  4- 6 || total
-------------------------+-------+-------++-------
Melee: Unarmed           |     2 |     7 ||     9
 Cast: Magic Dart        |    49 |    46 ||    95
       Searing Ray       |       |     2 ||     2
 Abil: Spit Poison       |    17 |     8 ||    25
  Eat: Chunk             |     2 |     2 ||     4
Armor: Robe              |     6 |     7 ||    13
Dodge: Dodged            |     8 |    13 ||    21
